 Dungeon Crawl Stone Soup version 0.29.1-15-g9cfb28693d (webtiles) character file.

Game seed: 10218022906477488070

1942 EarthwalkerPL the Fighter (level 8, -4/75 HPs)
             Began as a Minotaur Fighter on Apr 12, 2023.
             Was a Believer of Okawaru.
             Slain by an orc warrior
             ... wielding a +0 battleaxe
              (18 damage)
             ... on level 7 of the Dungeon.
             The game lasted 00:07:27 (6962 turns).

EarthwalkerPL the Fighter (Minotaur Fighter)        Turns: 6962, Time: 00:07:29

Health: -4/75      AC: 10    Str: 30    XL:     8   Next: 98%
Magic:  7/7        EV:  9    Int:  5    God:    Okawaru [**....]
Gold:   373        SH:  5    Dex:  9    Spells: 7/7 levels left

rFire   . . .      SeeInvis .   F - +1 war axe (vorpal)
rCold   . . .      Faith    .   c - +0 buckler
rNeg    . . .      Spirit   .   b - +0 scale mail
rPois   .          Reflect  .   (helmet restricted)
rElec   .          Harm     .   (no cloak)
rCorr   .          Rampage  .   (no gloves)
Will    .....                   u - +1 pair of boots
Stlth   ..........              (no amulet)
HPRegen 0.22/turn               t - +6 ring of strength
MPRegen 0.10/turn               (no ring)

@: no status effects
A: horns 2, retaliatory headbutt
a: Renounce Religion, Heroism


You were on level 7 of the Dungeon.
You worshipped Okawaru.
Okawaru was pleased with you.
You visited 2 branches of the dungeon, and saw 8 of its levels.
You also visited: Sewer.

You collected 373 gold pieces.

Inventory:

Hand Weapons
 a - a +0 war axe
 F - a +1 vorpal war axe (weapon)
Missiles
 g - 3 javelins
 r - 39 poisoned darts (quivered)
Armour
 b - a +0 scale mail (worn)
 c - a +0 buckler (worn)
 u - a +1 pair of boots (worn)
Jewellery
 t - a +6 ring of strength (left hand)
Wands
 y - a wand of quicksilver (9)
Scrolls
 e - a scroll of torment {unknown}
 h - 3 scrolls of blinking {unknown}
 i - 2 scrolls of fear {unknown}
 k - 4 scrolls of identify {unknown}
 l - 4 scrolls of amnesia {unknown}
 m - 4 scrolls of magic mapping {unknown}
 o - a scroll of acquirement {unknown}
 p - 2 scrolls of fog {unknown}
 x - 2 scrolls of teleportation {unknown}
 z - a scroll of noise {unknown}
 B - a scroll of vulnerability {unknown}
 D - a scroll of enchant armour {unknown}
Potions
 d - a potion of might
 f - 2 potions of lignification {unknown}
 j - 5 potions of curing {unknown}
 n - 3 potions of heal wounds {unknown}
 q - a potion of invisibility
 s - 2 potions of mutation {unknown}
 v - a potion of haste {unknown}
 w - a potion of brilliance {unknown}
 A - 2 potions of attraction {unknown}
 C - 2 potions of berserk rage {unknown}
 E - a potion of degeneration {unknown}


   Skills:
 * Level 8.3 Fighting
 * Level 7.9 Axes
 * Level 8.3 Armour
 + Level 6.4 Shields


You had 7 spell levels left.
You didn't know any spells.
Your spell library contained the following spells:

 Spells                   Type           Power      Damage    Failure   Level
 Ensorcelled Hibernation  Hex/Ice        0%         N/A       88%         2
 Passwall                 Tmut/Erth      0%         N/A       88%         2
 Dazzling Flash           Conj/Hex       0%         N/A       98%         3
 Swiftness                Air            0%         N/A       98%         3
 Cause Fear               Hex            0%         N/A       100%        4
 Passage of Golubria      Tloc           0%         N/A       100%        4
 Yara's Violent Unravell  Hex/Tmut       0%         3d3       100%        5
 Tukima's Dance           Hex            Unusable   N/A       N/A         3
 Summon Ice Beast         Ice/Summ       Unusable   N/A       N/A         4

Dungeon Overview and Level Annotations

Branches:
Dungeon (7/15)             Temple (1/1) D:4           Sewer (visited)

Altars:
Ashenzari
Cheibriados
Dithmenos
Elyvilon
Fedhas
Gozag
Kikubaaqudgha
Makhleb
Nemelex Xobeh
Okawaru
Qazlal
Sif Muna
Trog
Uskayaw
Vehumet
Xom
Yredelemnul
Zin
The Shining One


Innate Abilities, Weirdness & Mutations

You have a pair of horns on your head.
You reflexively headbutt those who attack you in melee.


Message History

You kill the orc priest!
Okawaru accepts your kill.
You closely miss the orc warrior. The orc warrior closely misses you.
You hit the orc warrior but do no damage.
You headbutt the orc warrior, but do no damage.
You barely miss the orc. You closely miss the orc warrior.
You closely miss the orc. You block the orc's attack.
You slash the orc warrior!
The orc warrior is moderately wounded.
You closely miss the orc. The orc warrior completely misses you.
The orc hits you with a +0 hand axe.
You closely miss the orc warrior.
You headbutt the orc warrior, but do no damage.
The orc warrior is moderately wounded.
You closely miss the orc.
The orc warrior hits you with a +0 battleaxe!
The orc barely misses you. You block the orc's attack.
The orc warrior hits you with a +0 battleaxe.
You closely miss the orc warrior. You headbutt the orc warrior.
The orc warrior is moderately wounded.
You hit the orc.
The orc warrior hits you with a +0 battleaxe.
* * * LOW HITPOINT WARNING * * *
You block the orc's attack.
Unknown command.
You hit the orc warrior but do no damage.
You headbutt the orc warrior.
The orc warrior is heavily wounded.
You barely miss the orc.
The orc warrior hits you with a +0 battleaxe.
* * * LOW HITPOINT WARNING * * *
The orc closely misses you.
You slash the orc warrior!
The orc warrior is almost dead.
You hit the orc.
You kill the orc!
Okawaru accepts your kill.
The orc warrior hits you with a +0 battleaxe!!
You die...

#..........##
#...........##
#............##
#.............## .
#..............# o.
#..............# ..o
#..............## .o..
#...............# .....
##.............@#......
#.............o)o#
##..............##
##.........>..## ###
##..........##
#(#####........##
.....###......#
........)))..##
#..........
........)...##
##..........


You could see an orc warrior and an orc.

Vanquished Creatures
  Menkaure (D:7)
  A sky beast (D:6)
  2 ogres (D:6)
  A centaur (D:6)
  5 kobold brigands
  Blork the orc (D:5)
  2 necrophages
  A bullfrog (D:6)
  A scorpion (D:5)
  2 orc priests
  9 hounds
  4 iguanas
  3 orc wizards (D:5)
  4 gnolls (D:3)
  11 adders
  4 river rats
  An ufetubus (D:4)
  10 worms
  A dart slug (D:1)
  4 orcs
  8 ball pythons
  9 endoplasms
  3 giant cockroaches
  7 hobgoblins
  4 jackals
  3 quokkas
  4 bats
  9 goblins
  19 kobolds
  8 rats
142 creatures vanquished.

Notes
Turn   | Place    | Note
-------+----------+-------------------------------------------
     0 | D:1      | EarthwalkerPL the Minotaur Fighter began the quest for the
                  | Orb.
     0 | D:1      | Reached XP level 1. HP: 19/19 MP: 0/0
   217 | D:1      | Reached XP level 2. HP: 27/27 MP: 1/1
   274 | D:1      | Found a faded altar of an unknown god.
  1170 | D:2      | Reached XP level 3. HP: 29/33 MP: 2/2
  1669 | D:3      | Reached XP level 4. HP: 24/41 MP: 3/3
  1799 | D:3      | Found a glowing drain.
  1807 | Sewer    | Entered a sewer
  2217 | Sewer    | Noticed a kobold brigand
  2229 | Sewer    | Killed a kobold brigand
  2230 | Sewer    | Reached XP level 5. HP: 47/47 MP: 4/4
  2308 | Sewer    | Reached skill level 5 in Fighting
  2344 | Sewer    | Reached skill level 5 in Armour
  2734 | Sewer    | Reached XP level 6. HP: 42/56 MP: 5/5
  3312 | D:3      | Reached skill level 5 in Axes
  3624 | D:3      | Found an opulent altar of Gozag.
  3784 | D:3      | Found a glowing silver altar of Zin.
  4219 | D:4      | Reached XP level 7. HP: 60/62 MP: 6/6
  4427 | D:4      | Found a staircase to the Ecumenical Temple.
  4439 | Temple   | Entered the Ecumenical Temple
  4439 | Temple   | Found a transporter.
  4439 | Temple   | Found a transporter.
  4441 | Temple   | Found a transporter.
  4441 | Temple   | Found a transporter.
  4462 | Temple   | Became a worshipper of Warmaster Okawaru
  4573 | D:4      | Found a glowing golden altar of the Shining One.
  4624 | D:5      | Entered Level 5 of the Dungeon
  4635 | D:5      | Reached skill level 5 in Shields
  4824 | D:5      | Found a shimmering altar of Xom.
  4863 | D:5      | Noticed Blork the orc
  4873 | D:5      | Killed Blork the orc
  5024 | D:5      | Reached * piety under Okawaru
  5320 | D:5      | Reached XP level 8. HP: 58/71 MP: 7/7
  6122 | D:6      | Identified the +10 flail of Uskayaw's Supremacy {flame,
                  | rElec Int-5 Dex+9 Stlth-}
  6553 | D:7      | Got Rufahat's Anthology of the Entrancing Glacier
  6582 | D:7      | Noticed Menkaure
  6589 | D:7      | Killed Menkaure
  6687 | D:7      | Reached ** piety under Okawaru
  6962 | D:7      | Slain by an orc warrior

Illustrated notes

Levels and vault maps discovered:
D:1:      ncdulo_watergridlock, layout_loops_corners,
          ebering_ecumenical_altar_sacrificial,
          nicolae_concentric_dashed_squares_wild, chequers_avenue
D:2:      layout_loops_ring
D:3:      layout_loops_ring, zin_treasury, mainiacjoe_overflow_paths,
          serial_glass, glass_columns_a, glass_columns_a,
          lightli_sewer_entry_pipes
D:4:      layout_rooms, nicolae_tso_swordbearing_angel, temple_hall
D:5:      layout_gridville, mainiacjoe_overflow_alcove_1, uniq_blork_the_orc
D:6:      layout_rooms, amcnicky_mini_corridor_feature
D:7:      layout_cave_pods, uniq_menkaure
Temple:   hellmonk_temple_divided_pantheon

Skill      XL: |  1  2  3  4  5  6  7  8 |
---------------+-------------------------+-----
Armour         | 4 5 6 8 |  8.3
Fighting       | 4 5 6 8 |  8.3
Axes           | 3 4 5 6 7 |  7.9
Shields        | 4 5 6 |  6.4

Action                   |  1- 3 |  4- 6 |  7- 9 || total
-------------------------+-------+-------+-------++-------
Melee: War axe           |    76 |   160 |   150 ||   386
       Headbutt          |     6 |    32 |    25 ||    63
Throw: Javelin           |       |       |     4 ||     4
       Dart              |       |       |     2 ||     2
Armor: Scale mail        |    38 |    46 |    76 ||   160
Dodge: Dodged            |    49 |    66 |    59 ||   174
Block: Buckler           |    20 |    29 |    37 ||    86
